 Dungeon Crawl Stone Soup version 0.16.1-28-gcc2312f (webtiles) character file.

32 Miyamura the Sneak (level 3, -4/17 HPs)
             Began as a Spriggan Enchanter on May 27, 2015.
             Shot with an arrow by a centaur (6 damage)
             ... on level 3 of the Dungeon.
             The game lasted 00:03:14 (1213 turns).

Miyamura the Sneak (Spriggan Enchanter)             Turns: 1213, Time: 00:03:15

Health: -4/17      AC:  3    Str:  4    XL:     3   Next: 8%
Magic:  10/10      EV: 18    Int: 17    God:
Gold:   87         SH:  0    Dex: 16    Spells: 3 memorised, 2 levels left

rFire  . . .     SeeInvis +     a - +1 short sword (venom)
rCold  . . .     Clarity  .     b - +1 robe
rNeg   . . .     SustAb   .     (shield restricted)
rPois  .         Gourm    .     (helmet restricted)
rElec  .         Spirit   .     (no cloak)
rCorr  .         Warding  .     (gloves unavailable)
rMut   .         Stasis   .     (boots unavailable)
MR     .....                    (no amulet)
Stlth  +++.......               (no ring)
                                (no ring)

@: very quick, not resistant to hostile enchantments, fairly stealthy
A: unfitting armour, see invisible, herbivore 3, speed 3, slow metabolism 2
a: no special abilities


You were on level 3 of the Dungeon.
You were not hungry.

You visited 1 branch of the dungeon, and saw 3 of its levels.

You collected 87 gold pieces.

Inventory:

Hand weapons
 a - a +1 short sword of venom (weapon)
 i - a +0 dagger of speed
Armour
 b - a +1 robe (worn)
Potions
 e - a potion of agility
 f - a potion of brilliance
 g - a potion of restore abilities
 h - a potion of curing
 j - a potion of cancellation {unknown}
 k - a potion of heal wounds {unknown}
 l - a potion of might {unknown}
Books
 c - a book of Maledictions

   Spells                             Type                      Level
   a - Corona                         Hexes                        1
   b - Sure Blade                     Hexes/Charms                 2
   c - Ensorcelled Hibernation        Hexes/Ice                    2
   d - Confuse                        Hexes                        3
   e - Dazzling Spray                 Conjuration/Hexes            3
   f - Enslavement                    Hexes                        4
Comestibles
 d - a bread ration


   Skills:
 + Level 0.7 Fighting
 + Level 1.8 Short Blades
 + Level 3.4 Dodging
 + Level 4.9 Stealth
 + Level 3.0 Spellcasting
 + Level 3.7 Hexes


You had 2 spell levels left.
You knew the following spells:

 Your Spells              Type           Power        Failure   Level  Hunger
a - Corona                Hex            ###....      3%          1    None
b - Ensorcelled Hibernat  Hex/Ice        #.....       14%         2    ##.....
c - Confuse               Hex            ###.....     12%         3    ###....


Dungeon Overview and Level Annotations

Branches:
Dungeon (3/15)

Altars:
Elyvilon


Innate Abilities, Weirdness & Mutations

You are tiny and cannot use many weapons and most armour.
You have supernaturally acute eyesight.
You are a herbivore.
You cover ground extremely quickly.
You need consume almost no food.


Message History

You kill the giant cockroach!
The kobold hits you but does no damage.
You hit the kobold.
You kill the kobold!
No target in view!
No target in view!
k - a sapphire potion
l - an emerald potion You see here a rapier.
You fall through a shaft!
The shaft crumbles and collapses.
A centaur comes into view.
The centaur shouts!
Found 3 gold pieces.
The centaur wields a shortbow.
The centaur shoots an arrow.
The arrow hits you!
Ouch! That really hurt!
* * * LOW HITPOINT WARNING * * *
You see here an arrow.
The centaur shoots an arrow.
The arrow hits you.
You die...

##.. . #....##.##.##
#....#........
.###....#........
................#
...#............#
...........#....#
...$.............#####
#..@(.....c......
#.....####.......
#.....# ...## #####.#
..# #.# ..# ..# . .##
#


You could see a centaur.

Vanquished Creatures
  An ooze (D:1)
  2 giant cockroaches (D:2)
  3 hobgoblins
  4 jackals (D:1)
  6 bats
  A giant newt (D:1)
  5 goblins
  3 kobolds
  A rat (D:1)
26 creatures vanquished.

Notes
Turn   | Place    | Note
--------------------------------------------------------------
     0 | D:1      | Miyamura, the Spriggan Enchanter, began the quest for the Orb.
     0 | D:1      | Reached XP level 1. HP: 9/9 MP: 4/4
   542 | D:1      | Reached XP level 2. HP: 13/13 MP: 7/7
   549 | D:1      | Learned a level 2 spell: Ensorcelled Hibernation
  1178 | D:2      | Found a white marble altar of Elyvilon.
  1179 | D:2      | Reached XP level 3. HP: 12/17 MP: 10/10
  1184 | D:2      | Learned a level 3 spell: Confuse
  1208 | D:2      | You fall through a shaft!
  1208 | D:3      | Noticed a centaur
  1213 | D:3      | Shot with an arrow by a centaur

Action                   || total
-------------------------++-------
Melee: Dagger            ||    50
       Short sword       ||    27
 Cast: Corona            ||     2
       Ensorcelled Hiber ||     4
  Use: Scroll            ||     5
 Stab: Sleeping          ||     8
       Distracted        ||     1
